 Dungeon Crawl Stone Soup version 0.20.1-1-g8b1a95d (webtiles) character file.

520 Ymberti the Magician (level 7, 0/40 HPs)
             Began as a Deep Elf Fire Elementalist on Sept 25, 2017.
             Killed from afar by an orc wizard (13 damage)
             ... with a puff of flame
             ... on level 4 of the Dungeon.
             The game lasted 00:13:19 (3428 turns).

Ymberti the Magician (Deep Elf Fire Elementalist)   Turns: 3428, Time: 00:13:19

Health: 0/40       AC: 11    Str:  3    XL:     7   Next: 1%
Magic:  0/18       EV: 13    Int: 25    God:
Gold:   122        SH:  0    Dex: 15    Spells: 7/18 levels left

rFire    . . .     SeeInvis .   s - +3 quarterstaff (chaos)
rCold    + . .     Gourm    .   (shield currently unavailable)
rNeg     . . .     Faith    .   u - +1 robe of Zin's Hope {Int+3}
rPois    .         Spirit   .   (no helmet)
rElec    .         Reflect  .   t - +1 cloak {+Inv}
rCorr    +         Harm     .   (no gloves)
MR       +....                  (no boots)
Stlth    ++........             (no amulet)
Regen    0.2/turn               m - ring of resist corrosion
MPRegen  0.2/turn               q - +6 ring of protection

@: lethally poisoned (0 -> -2)
A: cold resistance 1, magic resistance 1, robust 1, weak 1
a: Evoke Invisibility


You were on level 4 of the Dungeon.
You were not hungry.

You visited 1 branch of the dungeon, and saw 4 of its levels.

You collected 122 gold pieces.

Inventory:

Hand Weapons
 s - a +3 quarterstaff of chaos (weapon)
Armour
 t - a +1 cloak of invisibility (worn)
 u - the +1 robe of Zin's Hope (worn) {Int+3}
   (You found it on level 4 of the Dungeon)

   It affects your intelligence (+3).
Jewellery
 m - a ring of resist corrosion (left hand)
 q - a +6 ring of protection (right hand)
Wands
 p - a wand of flame (14/48)
Scrolls
 d - a scroll of amnesia
 g - a scroll of teleportation
 j - a scroll of enchant weapon {unknown}
 k - 2 scrolls of remove curse
 n - 2 scrolls of blinking {unknown}
 o - a scroll of fear {unknown}
Potions
 e - a potion of invisibility
 h - a potion of cancellation
 r - a potion of flight
Books
 b - a book of Flames

   Spells                             Type                      Level
   a - Flame Tongue                   Conjuration/Fire             1
   b - Throw Flame                    Conjuration/Fire             2
   c - Conjure Flame                  Conjuration/Fire             3
   d - Inner Flame                    Hexes/Fire                   3
   e - Sticky Flame                   Conjuration/Fire             4
   f - Fireball                       Conjuration/Fire             5
Comestibles
 c - 2 bread rations
 i - 3 fruits
 l - 5 meat rations


   Skills:
 + Level 0.7 Fighting
 + Level 2.0 Staves
 + Level 3.2 Dodging
 + Level 3.4 Stealth
 + Level 0.1 Unarmed Combat
 + Level 6.0 Spellcasting
 + Level 3.5 Conjurations
 + Level 5.1 Fire Magic


You had 7 spell levels left.
You knew the following spells:

 Your Spells              Type           Power        Failure   Level  Hunger
a - Flame Tongue          Conj/Fire      ####.        1%          1    None
b - Throw Flame           Conj/Fire      ####..       1%          2    None
c - Conjure Flame         Conj/Fire      ####....     3%          3    None
d - Fireball              Conj/Fire      ####......   34%         5    #####..


Dungeon Overview and Level Annotations

Branches:
Dungeon (4/15)
 Temple: D:4-7

Altars:
Hepliaklqana


Innate Abilities, Weirdness & Mutations

Your flesh is cold resistant. (rC+)
You are resistant to hostile enchantments. (MR+)
You are robust. (+10% HP)
You are weak. (Str -2)


Message History

The orc wizard casts a spell at you. The magic dart hits you!
You hit the orc wizard. You burn the orc wizard.
The orc wizard is severely wounded.
You feel sick.
The orc wizard hits you but does no damage. x2
Casting: Flame Tongue
Confirm with . or Enter, or press ? or * to list all spells.
Aiming: Flame Tongue
Press: ? - help, Shift-Dir - straight line, f - orc wizard
Aim: an orc wizard, wielding a dagger and wearing a robe (severely wounded, fast)
The flame tongue hits the orc wizard.
The orc wizard is almost dead.
The orc wizard gestures wildly while chanting.
The orc wizard flickers and vanishes!
Deactivating autopickup; reactivate with Ctrl-A.
You hear some strange, mumbled words.
A puff of flame appears from out of thin air!
The puff of flame hits you!
You die...

..#....††.##.#)######.#.#
#.#....)..##............#
#..)......####.######)###
##.######.# #.# #.# #.##
.# #.######.# #..# +#
#.#......# ##.##
#.#.###### #..#
#.#{######.. ##.##
#.#@)..).'.. #..#
########.. ##.# #.# #.#
#.# #.# #.# #.###+#


There were no monsters in sight!

Vanquished Creatures
  A phantom (D:4)
  A howler monkey (D:4)
  Crazy Yiuf (D:2)
  2 orc priests (D:4)
  An orc wizard (D:4)
  2 worker ants (D:4)
  Robin (D:3)
  A howler monkey skeleton (D:4)
  7 adders
  A shadow imp (D:3)
  An ooze (D:1)
  A worm (D:3)
  4 dart slugs
  5 leopard geckos
  13 orcs
  3 ball pythons
  9 bats
  6 giant cockroaches
  9 hobgoblins
  9 jackals
  6 kobolds
  3 quokkas
  4 frilled lizards
  15 goblins
  9 rats
115 creatures vanquished.

Notes
Turn   | Place    | Note
-------+----------+-------------------------------------------
     0 | D:1      | Ymberti the Deep Elf Fire Elementalist began the quest for the Orb.
     0 | D:1      | Reached XP level 1. HP: 10/10 MP: 6/6
   127 | D:1      | Reached XP level 2. HP: 11/15 MP: 5/8
   781 | D:1      | Reached XP level 3. HP: 13/19 MP: 6/10
  1141 | D:2      | Learned a level 2 spell: Throw Flame
  1145 | D:2      | Learned a level 3 spell: Conjure Flame
  1447 | D:2      | Found a runed door.
  1840 | D:2      | Reached skill level 4 in Spellcasting
  1919 | D:2      | Reached XP level 4. HP: 24/24 MP: 10/12
  2082 | D:2      | Noticed Crazy Yiuf
  2089 | D:2      | Killed Crazy Yiuf
  2121 | D:2      | Gained mutation: You are partially covered in icy blue scales. (AC +2) [potion of mutation]
  2121 | D:2      | Gained mutation: You possess an exceptional clarity of mind. [potion of mutation]
  2122 | D:2      | Lost mutation: You are partially covered in icy blue scales. (AC +2) [potion of mutation]
  2122 | D:2      | Lost mutation: You possess an exceptional clarity of mind. [potion of mutation]
  2122 | D:2      | Gained mutation: You are resistant to hostile enchantments. (MR+) [potion of mutation]
  2122 | D:2      | Gained mutation: You are weak. (Str -2) [potion of mutation]
  2122 | D:2      | Gained mutation: You are robust. (+10% HP) [potion of mutation]
  2122 | D:2      | Gained mutation: Your flesh is cold resistant. (rC+) [potion of mutation]
  2160 | D:3      | Noticed Robin
  2168 | D:3      | Killed Robin
  2214 | D:3      | Reached XP level 5. HP: 30/30 MP: 4/14
  2414 | D:3      | Found a faded altar of an unknown god.
  2526 | D:3      | Found a hazy altar of Hepliaklqana.
  2953 | D:4      | Got an ominously black robe
  2964 | D:4      | Learned a level 5 spell: Fireball
  2970 | D:4      | Reached skill level 1 in Staves
  2971 | D:4      | Reached skill level 5 in Spellcasting
  2998 | D:4      | Identified the +1 robe of Zin's Hope {Int+3} (You found it on level 4 of the Dungeon)
  3110 | D:4      | Reached XP level 6. HP: 26/35 MP: 0/15
  3389 | D:4      | Reached skill level 5 in Fire Magic
  3417 | D:4      | Reached skill level 6 in Spellcasting
  3423 | D:4      | Reached XP level 7. HP: 14/40 MP: 0/18
  3428 | D:4      | Killed from afar by an orc wizard

Skill      XL: |  1  2  3  4  5  6 |
---------------+-------------------+-----
Fire Magic     | 4 5 |  5.1
Spellcasting   | 4 5 6 |  6.0
Conjurations   | 2 3 |  3.5
Stealth        | 3 |  3.4
Staves         | 1 2 |  2.0
Dodging        | 3 |  3.2
Fighting       | |  0.7
Unarmed Combat | |  0.1

Action                   |  1- 3 |  4- 6 |  7- 9 || total
-------------------------+-------+-------+-------++-------
Melee: Unarmed           |     1 |       |       ||     1
       Quarterstaff      |       |    64 |     4 ||    68
 Cast: Flame Tongue      |    64 |    96 |     2 ||   162
       Throw Flame       |     6 |    31 |       ||    37
       Conjure Flame     |       |     1 |       ||     1
  Use: Scroll            |       |    10 |       ||    10
       Potion            |       |     3 |       ||     3
 Stab: Sleeping          |     1 |     7 |       ||     8
  Eat: Bread ration      |     1 |     1 |       ||     2
       Royal jelly       |     1 |       |       ||     1
       Fruit             |       |     1 |       ||     1
Armor: Robe              |     3 |    52 |     4 ||    59
Dodge: Dodged            |    11 |   101 |     1 ||   113
